 Dungeon Crawl Stone Soup version 0.17.1-3-g152610e (webtiles) character file.

193124 Shtopit the Hoplite (level 18, -8/104 HPs)
             Began as a Gargoyle Fighter on Apr 22, 2016.
             Was the Champion of Qazlal.
             Mangled by a tentacled starspawn (17 damage)
             ... on level 4 of the Abyss.
             The game lasted 04:01:33 (34669 turns).

Shtopit the Hoplite (Gargoyle Fighter)             Turns: 34669, Time: 04:01:33

Health: -8/104     AC: 40    Str: 26 (27) XL:     18   Next: 26%
Magic:  22/22      EV: 10    Int:  5 (10) God:    Qazlal [******]
Gold:   3107       SH: 33    Dex: 14 (15) Spells: 6 memorised, 10 levels left

rFire  + + .     SeeInvis +     v - +1 flail (holy)
rCold  + . .     Clarity  .     U - +3 plate armour {rF+}
rNeg   + + +     SustAt   .     c - +1 large shield
rPois  ∞         Gourm    .     J - +2 hat {MR+}
rElec  +         Spirit   .     H - +2 cloak
rCorr  .         Warding  .     q - +0 pair of gloves of the Manifold Places {rPois rN+ Dex+8}
rMut   .         Rnd*Tele +     B - +0 pair of boots
MR     ++...                    C - amulet of regeneration
Stlth  ..........               A - ring of protection from fire
                                S - ring of Buoris {rN+ SInv Stlth+}

@: protected from cold, flying, wreathed by umbra, repel missiles, very
resistant to hostile enchantments, extremely unstealthy
A: big wings, icy blue scales 1, blurry vision 1, deterioration 2, dopey 1,
frail 1, negative energy resistance 1, electricity resistance, spit poison 1,
teleportitis 2, unbreathing, petrification resistance, no device heal 2, rot
immunity, subdued magic 3, AC +13
a: Spit Poison, Stop Flying, Upheaval, Elemental Force, Disaster Area, Renounce
Religion
}: 1/15 runes: decaying


You were on level 4 of the Abyss.
You worshipped Qazlal.
Qazlal was exalted by your worship.
You were not hungry.

You visited 7 branches of the dungeon, and saw 31 of its levels.
You visited the Abyss 1 time.
You also visited: Ossuary and Bailey.

You collected 3484 gold pieces.
You spent 361 gold pieces at shops.

Inventory:

Hand Weapons
 p - a +2 eveningstar of freezing
 r - a +1 antimagic flail
 v - a +1 flail of holy wrath (weapon)
 K - a +5 blowgun
Missiles
 y - 11 javelins (quivered)
 P - 48 poisoned needles
Armour
 c - a +1 large shield (worn)
 q - the +0 pair of gloves of the Manifold Places (worn) {rPois rN+ Dex+8}
   (You took it off Nikola on level 2 of the Swamp)

   It affects your dexterity (+8).
   It protects you from poison.
   It protects you from negative energy.
 B - a +0 pair of boots (worn)
 H - a +2 cloak (worn)
 J - a +2 hat of magic resistance (worn)
 U - a +3 plate armour of fire resistance (worn)
Jewellery
 m - an uncursed ring of protection from cold
 s - an uncursed amulet of the gourmand
 x - an uncursed amulet of resist corrosion
 A - a ring of protection from fire (right hand)
 C - an amulet of regeneration (around neck)
 G - a +3 ring of strength
 O - an uncursed ring of protection from cold
 S - the ring of Buoris (left hand) {rN+ SInv Stlth+}
   (You bought it in a shop on level 4 of the Dungeon)

   [ring of stealth]

   It protects you from negative energy.
   It lets you see invisible.
   It makes you more stealthy.
Wands
 a - a wand of invisibility (7)
 b - a wand of paralysis (7)
 E - a wand of disintegration (10)
 I - a wand of disintegration (10)
 N - a wand of polymorph (10)
 T - a wand of fireball (6)
Scrolls
 g - 5 scrolls of fear
 h - 11 scrolls of remove curse
 i - 10 scrolls of recharging
 o - 8 scrolls of magic mapping
 t - a scroll of teleportation
 D - a scroll of silence
 F - 2 scrolls of blinking
 Q - 2 scrolls of fog
 W - 6 scrolls of amnesia
Potions
 d - 4 potions of haste
 f - a potion of might
 k - 3 potions of agility
 u - a potion of invisibility
 w - 5 potions of heal wounds
 L - 8 potions of curing
 V - 5 potions of brilliance
 X - a potion of resistance
Miscellaneous
 n - a legendary deck of wonders {drawn: 12}
Comestibles
 e - 14 bread rations
 j - 9 meat rations
 l - 11 slices of pizza
 z - 26 fruits
 M - 4 beef jerkies
 R - a chunk of flesh
 Z - 3 royal jellies


   Skills:
 + Level 13.9 Fighting
 + Level 16.1 Maces & Flails
 + Level 1.0 Throwing
 + Level 11.4 Armour
 + Level 6.3 Dodging
 + Level 21.0 Shields
 - Level 2.7 Spellcasting
 - Level 2.1 Charms
 - Level 2.6 Earth Magic
 - Level 5.0 Invocations
 + Level 0.8 Evocations


You had 10 spell levels left.
You knew the following spells:

 Your Spells              Type           Power        Failure   Level  Hunger
a - Infusion              Chrm           #.....       96%         1    ##.....
b - Apportation           Tloc           #.........   100%        1    ##.....
c - Blink                 Tloc           N/A          100%        2    ###....
d - Corona                Hex            #......      100%        1    ##.....
e - Leda's Liquefaction   Hex/Erth       #.........   100%        4    #####..
f - Passwall              Trmt/Erth      #.........   100%        3    ####...


Dungeon Overview and Level Annotations

Branches:
Dungeon (11/15)            Temple (1/1) D:4            Lair (8/8) D:11
  Swamp (4/4) Lair:3        Snake (0/4) Lair:5        Slime (1/6) Lair:8
    Orc (4/4) D:9             Elf (2/3) Orc:4

Altars:
Ashenzari
Cheibriados
Dithmenos
Elyvilon
Fedhas
Gozag
Kikubaaqudgha
Makhleb
Nemelex Xobeh
Okawaru
Qazlal
Ru
Sif Muna
Trog
Vehumet
Xom
Yredelemnul
Zin
The Shining One
Beogh

Shops:
D:4 ==   D:6 *   Orc:1 *   Orc:3 *   Orc:4 }:((


Innate Abilities, Weirdness & Mutations

You are resistant to torment.
Your stone body is resilient (AC +13).
You are immune to poison.
Your large and strong wings let you fly indefinitely.
You resist negative energy.
You are resistant to electric shocks.
You can survive without breathing.
You are immune to petrification.
You are immune to rotting.
You are partially covered in icy blue scales (AC +1).
You can spit weak poison.
[Scrolls take you a little longer to read.]
[Your body often deteriorates upon taking damage.]
[You are dopey. (Int -2)]
[You are frail (-10% HP).]
[You are sometimes teleported next to monsters.]
[Potions and wands are poor at restoring your health.]
[Your spells are much easier to cast, but much less powerful.]


Message History

The rakshasa weaves an illusion.
The balrug shimmers and seems to become two!
A sun demon comes into view.
You thump the tentacled starspawn!
The tentacled starspawn is moderately damaged.
You feel less exhausted.
You hit the tentacled starspawn.
The tentacled starspawn is moderately damaged.
You hear a bark!
The tentacled monstrosity is engulfed in freezing vapours.
Unknown command.
You sock the tentacled starspawn!
The tentacled starspawn is heavily damaged.
You hear a bark!
You hear a roar!
The balrug gestures at you. Something smites you!
* * * LOW HITPOINT WARNING * * *
Your body deteriorates!
You feel clumsy. The tentacled starspawn bites you!
You die...

..## ...#...
.# # .#. ..
..#!#.# # #
....##....#..
# #
......#.3...
####..§#..23..
###. #AR2. ##
##. wX####
###X## #@##
###


You could see a profane servitor, a tentacled monstrosity, a tentacled
starspawn, 2 balrugs, a rakshasa, 2 sun demons and a starspawn tentacle.

Vanquished Creatures
  Nikola (Swamp:2)
  2 tentacled starspawn (Abyss:4)
  Gastronok (Lair:1)
  An Executioner (Abyss:4)
  A thorn hunter (Swamp:4)
  An azure jelly (Lair:7)
  A balrug (Abyss:4)
  A deep elf sorcerer (Elf:2)
  An orc warlord (Orc:4)
  The ghost of Tobisume the Fighter, a journeyman FoFi of Okawaru (Orc:4)
  A lorocyproca (Abyss:4)
  A green death (Abyss:4)
  Josephine (Orc:3)
  The ghost of DEFE the Protected, a journeyman DDFi of the Shining One (D:10)
  2 blizzard demons (Abyss:4)
  Erolcha (D:10)
  A great orb of eyes (Abyss:4)
  A catoblepas (Lair:8)
  18 hydras
  A deep troll shaman (Lair:8)
  5 alligators
  11 dancing weapons (Elf:2)
  10 large abominations
  4 orc high priests (Orc:4)
  A thrashing horror (Abyss:4)
  Urug (Lair:2)
  12 death yaks
  9 deep elf knights
  6 wretched stars
  An unseen horror (Abyss:3)
  A shadow wraith (Abyss:4)
  3 shambling mangroves
  11 swamp dragons
  3 deep elf summoners (Elf:1)
  4 spriggan druids
  A hill giant (D:10)
  4 orc knights (Orc:4)
  An orb spider (Abyss:4)
  5 deep elf conjurers (Elf:1)
  6 orc sorcerers (Orc:4)
  An ugly thing (D:11)
  A sixfirhy (Abyss:4)
  A necromancer (Lair:8)
  5 griffons
  A cyclops (Orc:2)
  24 elephants
  6 black mambas
  The ghost of DEFE the Ducker, a novice DEFi of Vehumet (D:6)
  Maurice (Orc:3)
  A worldbinder (Abyss:4)
  An orange demon (Abyss:4)
  A naga mage (Abyss:4)
  2 gargoyles
  A torpor snail (Lair:7)
  21 spiny frogs
  A molten gargoyle (Lair:5)
  4 smoke demons (Abyss:4)
  A hellion (Abyss:4)
  4 fire drakes
  2 demonic crawlers (Elf:1)
  4 komodo dragons
  10 deep elf priests
  5 trolls
  6 ancient zymes
  The ghost of attackplan the Skirmisher, an amateur HOFi (D:7)
  40 slime creatures
  34 blink frogs
  3 polar bears
  A boulder beetle (shapeshifter) (Elf:1)
  2 giant leeches
  13 raiju
  8 bog bodies
  A two-headed ogre (Orc:4)
  3 boulder beetles
  A tarantella (shapeshifter) (Elf:1)
  18 yaks
  3 spriggans
  Sigmund (D:3)
  10 deep elf magi
  4 fire bats (Lair:5)
  6 wraiths
  A hog (D:7)
  3 neqoxecs (Abyss:4)
  A hungry ghost (D:8)
  16 deep elf fighters
  A shadow (Abyss:4)
  3 basilisks
  A chaos spawn (Abyss:4)
  2 ynoxinuls
  A human (D:7)
  5 wyverns
  3 nagas
  10 wolves
  9 hippogriffs
  Edmund (D:4)
  24 vampire mosquitoes
  18 swamp worms
  12 small abominations
  5 hell hounds
  3 wargs (Orc:4)
  2 ice beasts (D:8)
  12 swamp drakes
  45 orc warriors
  4 phantoms
  12 ogres
  A black bear (D:9)
  2 eyes of draining
  9 porcupines
  2 sky beasts
  24 water moccasins
  9 wasps
  5 centaurs
  The ghost of Shotgun the Firebug, an amateur DrFE of the Shining One (D:4)
  An eye of draining (shapeshifter) (Elf:1)
  A big kobold (D:8)
  15 crocodiles
  A brain worm (D:11)
  19 giant frogs
  9 gnoll sergeants
  5 scorpions (D:4)
  6 killer bees (D:10)
  17 wights
  9 electric eels
  A lava snake (Lair:5)
  6 crimson imps
  2 giant frog zombies
  4 starcursed masses (Abyss:4)
  An iron imp (Abyss:4)
  6 gnoll shamans (Bailey)
  3 quasits
  A vampire bat (D:5)
  A human zombie (Ossuary)
  40 orc priests
  3 jellies
  Crazy Yiuf (D:5)
  Ijyb (D:3)
  28 orc wizards
  7 hounds
  10 worker ants
  Jessica (D:2)
  3 polar bear simulacra (Lair:8)
  5 hell rats
  3 iguanas
  A yak simulacrum (Lair:8)
  8 sheep
  4 wolf simulacra (Lair:8)
  2 big kobold zombies (Ossuary)
  3 mummies (Ossuary)
  2 worker ant zombies
  10 adders
  29 gnolls
  85 river rats
  A shadow imp (D:4)
  2 white imps (Abyss:4)
  An ufetubus (Abyss:4)
  4 oozes
  A worm (D:6)
  An adder skeleton (D:4)
  9 giant geckos
  201 orcs
  11 bats
  2 bat skeletons (D:5)
  4 bat zombies (D:5)
  6 giant cockroaches
  29 hobgoblins
  18 jackals
  11 kobolds
  4 quokkas
  3 ball pythons
  A giant gecko zombie (D:4)
  2 giant newts (D:1)
  A gnoll zombie (Ossuary)
  31 goblins
  2 hobgoblin zombies (Ossuary)
  A kobold zombie (Ossuary)
  An orc zombie (Ossuary)
  5 rats
  3 river rat simulacra (Lair:8)
  A bush (Elf:1)
  77 fungi
  63 plants
1489 creatures vanquished.

Vanquished Creatures (collateral kills)
  A tentacled starspawn (Abyss:4)
1 creature vanquished.

Vanquished Creatures (others)
  A deep elf blademaster (Elf:2)
  A ball lightning (Abyss:4)
  A guardian serpent (Abyss:4)
  An orange demon (Abyss:3)
  A dire elephant skeleton (Abyss:4)
  4 raiju
  2 deep elf magi (Elf:1)
  A golden eye (Abyss:4)
  A deep elf fighter (Elf:2)
  A vampire mosquito (Elf:1)
  3 wasps (Swamp:1)
  An ufetubus (Abyss:4)
  An orc (Orc:1)
  10 fungi
  2 lurking horrors (Abyss:4)
  18 plants
  26 starspawn tentacles
  56 starspawn tentacle segments
131 creatures vanquished.

Grand Total: 1621 creatures vanquished

Notes
Turn   | Place    | Note
--------------------------------------------------------------
     0 | D:1      | Shtopit the Gargoyle Fighter began the quest for the Orb.
     0 | D:1      | Reached XP level 1. HP: 14/14 MP: 1/1
   134 | D:1      | Reached XP level 2. HP: 19/19 MP: 2/2
   786 | D:2      | Reached XP level 3. HP: 21/23 MP: 3/3
  1030 | D:2      | Noticed Jessica
  1039 | D:2      | Killed Jessica
  1039 | D:2      | Reached skill level 4 in Shields
  1039 | D:2      | Reached XP level 4. HP: 27/29 MP: 4/4
  1269 | D:2      | Found a shimmering altar of Xom.
  1695 | D:3      | Noticed Ijyb
  1705 | D:3      | Killed Ijyb
  1705 | D:3      | Reached XP level 5. HP: 31/33 MP: 5/5
  1978 | D:3      | Noticed Sigmund
  2057 | D:2      | Reached skill level 1 in Dodging
  2555 | D:4      | Reached skill level 5 in Shields
  2555 | D:4      | Reached XP level 6. HP: 31/38 MP: 6/6
  2838 | D:4      | Reached XP level 7. HP: 43/43 MP: 7/7
  2878 | D:4      | Found a staircase to the Ecumenical Temple.
  2887 | Temple   | Entered the Ecumenical Temple
  2946 | Temple   | Became a worshipper of Qazlal Stormbringer
  2971 | D:4      | Found an iron altar of Okawaru.
  2977 | D:4      | Noticed Shotgun's ghost (amateur DrFE)
  3220 | D:4      | Killed Shotgun's ghost
  3362 | D:4      | Found Yzew's Jewellery Shoppe.
  3519 | D:4      | Noticed Edmund
  3523 | D:4      | Reached skill level 5 in Armour
  3523 | D:4      | Reached skill level 6 in Shields
  3546 | D:4      | Killed Edmund
  3799 | D:4      | Found Vevyag's Jewellery Shoppe.
  3984 | D:4      | Found an opulent altar of Gozag.
  4036 | D:5      | Entered Level 5 of the Dungeon
  4085 | D:5      | Reached XP level 8. HP: 48/48 MP: 8/8
  4286 | D:5      | Found an ancient bone altar of Kikubaaqudgha.
  4298 | D:5      | Reached * piety under Qazlal
  4781 | D:5      | Noticed Crazy Yiuf
  4790 | D:5      | Killed Crazy Yiuf
  4800 | D:5      | Got a faintly glowing mace
  4801 | D:5      | Identified the cursed +0 mace of Dischord {crush, rElec rN+ Int+4} (You found it on level 5 of the Dungeon)
  4927 | D:6      | Found a sand-covered staircase.
  4954 | Ossuary  | Entered an ossuary
  5113 | Ossuary  | Reached skill level 7 in Shields
  5402 | D:6      | Noticed DEFE's ghost (novice DEFi)
  5445 | D:5      | Reached skill level 5 in Fighting
  5550 | D:6      | Killed DEFE's ghost
  5550 | D:6      | Reached skill level 5 in Maces & Flails
  5550 | D:6      | Reached XP level 9. HP: 51/54 MP: 9/9
  5670 | D:6      | Found Evag's Assorted Antiques.
  5738 | D:6      | Reached ** piety under Qazlal
  6374 | D:7      | Reached skill level 8 in Shields
  6528 | D:7      | Noticed attackplan's ghost (amateur HOFi)
  6546 | D:7      | Killed attackplan's ghost
  6642 | D:7      | Reached skill level 9 in Shields
  6928 | D:7      | Found a blossoming altar of Fedhas.
  7133 | D:3      | Found a glowing golden altar of the Shining One.
  7186 | D:3      | Reached *** piety under Qazlal
  7232 | D:3      | Found a radiant altar of Vehumet.
  7723 | D:3      | Reached **** piety under Qazlal
  7725 | D:3      | Reached XP level 10. HP: 61/61 MP: 10/10
  7855 | D:3      | Killed Sigmund
  7946 | D:4      | Bought the ring of Buoris {rN+ SInv Stlth+} for 361 gold pieces
  8579 | D:8      | Reached skill level 10 in Shields
  8982 | D:8      | Reached ***** piety under Qazlal
  9434 | D:9      | Found a staircase to the Orcish Mines.
 10101 | D:10     | Entered Level 10 of the Dungeon
 10157 | D:10     | Noticed DEFE's ghost (journeyman DDFi)
 10177 | D:9      | Reached skill level 11 in Shields
 10179 | D:9      | Reached XP level 11. HP: 67/67 MP: 11/11
 10280 | D:10     | Killed DEFE's ghost
 10281 | D:10     | Noticed Erolcha
 10473 | D:10     | Paralysed by Erolcha for 5 turns
 10535 | D:10     | Killed Erolcha
 10729 | D:10     | Noticed a hill giant
 10777 | D:10     | Killed a hill giant
 10917 | D:10     | Learned a level 1 spell: Infusion
 10923 | D:10     | Learned a level 1 spell: Apportation
 10926 | D:10     | Learned a level 2 spell: Blink
 11052 | D:11     | Reached skill level 12 in Shields
 11074 | D:11     | Noticed a seven-headed hydra
 11082 | D:11     | Killed a seven-headed hydra
 11265 | D:11     | Found a flagged portal.
 11282 | Bailey   | Entered a bailey
 11605 | Bailey   | Got a dazzling war axe {chop}
 11761 | Bailey   | Identified the +3 war axe of the Shallot {chop, *Confuse Dex+5} (You took it off a gnoll in a bailey)
 11879 | D:11     | Reached skill level 5 in Dodging
 11939 | D:11     | Found a staircase to the Lair.
 12100 | Lair:1   | Entered Level 1 of the Lair of Beasts
 12149 | Lair:1   | Reached XP level 12. HP: 75/75 MP: 12/12
 12300 | Lair:1   | Noticed Gastronok
 12363 | Lair:1   | Killed Gastronok
 12363 | Lair:1   | Reached skill level 13 in Shields
 12420 | Lair:1   | Noticed a five-headed hydra
 12424 | Lair:1   | Killed a five-headed hydra
 12675 | Lair:1   | Reached skill level 1 in Throwing
 12705 | Lair:1   | Reached ****** piety under Qazlal
 13111 | Lair:2   | Reached skill level 10 in Maces & Flails
 13141 | Lair:2   | Noticed an eight-headed hydra
 13146 | Lair:2   | Killed an eight-headed hydra
 13409 | Lair:2   | Noticed Urug
 13433 | Lair:2   | Killed Urug
 13968 | Lair:3   | Reached skill level 14 in Shields
 14234 | Lair:3   | Noticed a seven-headed hydra
 14242 | Lair:3   | Killed a seven-headed hydra
 14528 | Lair:3   | Reached XP level 13. HP: 80/80 MP: 13/13
 14541 | Lair:3   | Found a staircase to the Swamp.
 16007 | Lair:4   | Reached skill level 10 in Fighting
 16011 | Lair:4   | Reached skill level 15 in Shields
 16580 | Lair:5   | Found a staircase to the Snake Pit.
 17357 | Lair:6   | Reached skill level 16 in Shields
 17388 | Lair:6   | Gained mutation: Your large and strong wings let you fly indefinitely. [Gargoyle growth]
 17388 | Lair:6   | Reached XP level 14. HP: 85/88 MP: 14/14
 17537 | Lair:6   | Reached skill level 10 in Armour
 17640 | Lair:6   | Learned a level 1 spell: Corona
 18224 | Lair:7   | Learned a level 4 spell: Leda's Liquefaction
 18228 | Lair:7   | Learned a level 3 spell: Passwall
 19301 | Lair:8   | Entered Level 8 of the Lair of Beasts
 19404 | Lair:8   | Reached skill level 17 in Shields
 19492 | Lair:8   | Reached skill level 1 in Spellcasting
 19846 | Lair:8   | Found a staircase to the Slime Pits.
 20109 | Lair:8   | Reached XP level 15. HP: 81/95 MP: 17/19
 20281 | Lair:8   | Reached skill level 1 in Earth Magic
 20858 | Slime:1  | Entered Level 1 of the Pits of Slime
 20858 | Slime:1  | Noticed an acid blob
 20858 | Slime:1  | Noticed an azure jelly
 20964 | Lair:7   | Killed an azure jelly
 20964 | Lair:7   | Reached skill level 1 in Charms
 21560 | Slime:1  | Noticed an acid blob
 22199 | Orc:1    | Entered Level 1 of the Orcish Mines
 22602 | Orc:3    | Found a roughly hewn altar of Beogh.
 22616 | Orc:3    | Noticed Maurice
 22642 | Orc:3    | Killed Maurice
 22706 | Orc:3    | Noticed Josephine
 22732 | Orc:3    | Killed Josephine
 22952 | Orc:3    | Found Picuckeo's Assorted Antiques.
 23200 | Orc:4    | Entered Level 4 of the Orcish Mines
 23200 | Orc:4    | Noticed Tobisume's ghost (journeyman FoFi)
 23224 | Orc:4    | Reached skill level 18 in Shields
 23254 | Orc:4    | Killed Tobisume's ghost
 24021 | Orc:4    | Found Fusiel's Gadget Shop.
 24143 | Orc:4    | Found a roughly hewn altar of Beogh.
 24164 | Orc:4    | Found Potism's Book Boutique.
 24567 | Orc:4    | Reached skill level 1 in Invocations
 24779 | Orc:4    | Found a staircase to the Elven Halls.
 25312 | Orc:4    | Found a roughly hewn altar of Beogh.
 25358 | Orc:4    | Found Lirob's Weapon Boutique.
 25502 | Orc:4    | Found Iroaweng's Weapon Shop.
 26253 | Orc:1    | Found Alokocij's General Store.
 26267 | Orc:1    | Reached XP level 16. HP: 93/101 MP: 20/20
 26735 | Swamp:1  | Entered Level 1 of the Swamp
 27718 | Swamp:2  | Noticed Nikola
 27750 | Swamp:2  | Killed Nikola
 27767 | Swamp:2  | Got a pair of pitted gloves
 27773 | Swamp:2  | Identified the +0 pair of gloves of the Manifold Places {rPois rN+ Dex+8} (You took it off Nikola on level 2 of the Swamp)
 28051 | Swamp:2  | Gained mutation: You occasionally shout uncontrollably at your foes. [potion of mutation]
 28051 | Swamp:2  | Gained mutation: You are partially covered in icy blue scales (AC +1). [potion of mutation]
 28051 | Swamp:2  | Gained mutation: You are weak. (Str -2) [potion of mutation]
 28052 | Swamp:2  | Lost mutation: You occasionally shout uncontrollably at your foes. [potion of cure mutation]
 28052 | Swamp:2  | Lost mutation: You are weak. (Str -2) [potion of cure mutation]
 28815 | Swamp:3  | Reached skill level 5 in Invocations
 29019 | Swamp:3  | Reached skill level 19 in Shields
 29666 | Swamp:4  | Entered Level 4 of the Swamp
 30066 | Swamp:4  | Noticed a thorn hunter
 30078 | Swamp:4  | Killed a thorn hunter
 30499 | Swamp:4  | Reached XP level 17. HP: 108/108 MP: 21/21
 30699 | Swamp:4  | Got a decaying rune of Zot
 31081 | Elf:1    | Entered Level 1 of the Elven Halls
 31229 | Elf:1    | Reached skill level 15 in Maces & Flails
 31873 | Elf:1    | Identified the Tome of Dung (You found it on level 1 of the Elven Halls)
 32545 | Elf:2    | Found a huge runed gate.
 32545 | Elf:2    | Found a huge runed gate.
 32545 | Elf:2    | Found a huge runed gate.
 32545 | Elf:2    | Found a huge runed gate.
 32545 | Elf:2    | Found a huge runed gate.
 33009 | Elf:2    | Noticed a deep elf blademaster
 33053 | Elf:2    | Killed a deep elf blademaster
 33053 | Elf:2    | Reached skill level 20 in Shields
 33155 | Elf:2    | Cast into the Abyss (glaive of distortion)
 33622 | Abyss:4  | Noticed a bone dragon
 33689 | Abyss:4  | Gained mutation: [Your body sometimes deteriorates upon taking damage.] [a neqoxec]
 33968 | Abyss:4  | Gained mutation: You can spit weak poison. [helix card]
 33969 | Abyss:4  | Drew Focus: Str increased to 25, Dex decreased to 8
 34004 | Abyss:4  | Drew Focus: Str increased to 26, Dex decreased to 7
 34045 | Abyss:4  | Found a corrupted altar of Lugonu.
 34094 | Abyss:4  | Reached XP level 18. HP: 104/104 MP: 22/22
 34398 | Abyss:4  | Gained mutation: [You are occasionally teleported next to monsters.] [a neqoxec]
 34603 | Abyss:4  | Reached skill level 21 in Shields
 34632 | Abyss:4  | HP: 5/104 [something (12)]
 34656 | Abyss:4  | Noticed a tentacled monstrosity
 34658 | Abyss:4  | Noticed a profane servitor
 34669 | Abyss:4  | Mangled by a tentacled starspawn

Action                   |  1- 3 |  4- 6 |  7- 9 | 10-12 | 13-15 | 16-18 || total
-------------------------+-------+-------+-------+-------+-------+-------++-------
Melee: Flail             |    43 |     7 |     5 |    30 |       |   526 ||   611
       Mace              |    34 |   204 |   493 |   283 |    15 |       ||  1029
       Morningstar       |       |       |       |   486 |  1691 |   148 ||  2325
       Eveningstar       |       |       |       |       |       |   879 ||   879
 Fire: Blowgun           |       |       |       |    10 |     3 |       ||    13
Invok: Elemental Force   |       |       |       |       |     1 |     1 ||     2
       Upheaval          |       |       |       |       |       |     4 ||     4
       Disaster Area     |       |       |       |       |       |     3 ||     3
 Abil: Fly               |       |       |       |       |     3 |     4 ||     7
       Stop Flying       |       |       |       |       |     3 |     1 ||     4
Evoke: Wand              |       |     2 |       |     1 |       |       ||     3
       Deck              |       |       |       |       |       |    12 ||    12
  Use: Scroll            |       |     5 |    14 |    13 |    10 |    15 ||    57
       Potion            |       |     2 |    10 |     5 |     1 |     6 ||    24
 Stab: Confused          |       |       |       |       |       |     3 ||     3
  Eat: Chunk             |       |     7 |    15 |    38 |    48 |    18 ||   126
       Pizza             |       |       |     1 |       |       |       ||     1
       Bread ration      |       |       |       |       |       |     3 ||     3
